cohdb
Replays
Latest Replays
All Replays
Popular Replays
Top Player Replays
Match Explorer
How It Works
Community
CoH3 Stats
Reddit
Sign in to upload your games and track your stats! →
Sign in with Steam
Match 42336136
Unlisted
Match 42336136
Overview
Messages
Build Orders
End
Construct Barracks
Selects Advanced Infantry Battlegroup
Riflemen Squad
M1 Mortar Team
Riflemen Squad
Riflemen Squad
Selects Convert to Ranger Squad
Convert to Ranger Squad
Construct Medical Station
Mechanized Support Center
Selects Artillery Observers
Convert to Ranger Squad
Selects Designate Assault Position
Construct Tank Depot
Selects Infantry Assault
Infantry Assault
M18 Hellcat Tank Destroyer
Designate Forward Repair Station
Ranger Squad
M1 Mortar Team
Infantry Assault
Selects M2A1 105mm Howitzer Emplacement
Selects 155mm Rapid Artillery Barrage
Convert to Ranger Squad
M4A1 Sherman Medium Tank
Infantry Assault
Engineer Squad
M4A1 76mm Conversion
Infantry Assault
Overclocked
Grand.G
0
0
Comments
sign in to comment!
No comments posted yet!